 Dungeon Crawl Stone Soup version 0.21.1-1-g345015f (webtiles) character file.

30 inc the Scratcher (level 3, 15/17 HPs)
             Began as a Felid Chaos Knight on Mar 12, 2018.
             Quit the game on level 3 of the Dungeon.
             The game lasted 00:03:06 (1668 turns).

inc the Scratcher (Felid Chaos Knight)              Turns: 1668, Time: 00:03:07

Health: 15/17      AC:  1    Str:  8    XL:     3   Next: 3%
Magic:  4/4        EV: 18    Int: 14    God:    Xom [*.....]
Gold:   58         SH:  0    Dex: 15    Spells: 2/2 levels left
                                        Lives:  0   Deaths: 1

rFire    . . .     SeeInvis +     - Unarmed
rCold    . . .     Gourm    .   (shield unavailable)
rNeg     . . .     Faith    +   (armour unavailable)
rPois    .         Spirit   .   (helmet unavailable)
rElec    .         Reflect  .   (cloak unavailable)
rCorr    .         Harm     .   (gloves unavailable)
MR       .....                  (boots unavailable)
Stlth    +.........             f - amulet of faith
HPRegen  0.05/turn              (no ring)
MPRegen  0.09/turn              (no ring)

@: flying, quick
A: very small, no armour, no weapons or thrown items, stealth, claws 1, fangs 3,
see invisible, carnivore, speed 1, shaggy fur 1, slow metabolism 1, sharp paws
a: Renounce Religion


You were on level 3 of the Dungeon.
You worshipped Xom.
You were a special plaything of Xom.
You were not hungry.

You visited 1 branch of the dungeon, and saw 3 of its levels.

You collected 58 gold pieces.

Inventory:

Jewellery
 f - an amulet of faith (around neck)
Scrolls
 d - 2 scrolls of identify {unknown}
 e - 3 scrolls of remove curse {unknown}
 i - a scroll of teleportation {unknown}
 j - a scroll of enchant armour {unknown}
Comestibles
 a - 3 rations


   Skills:
 - Level 3.0 Fighting
 - Level 3.2 Dodging
 + Level 5.0 Unarmed Combat


You had 2 spell levels left.
You didn't know any spells.

Dungeon Overview and Level Annotations

Branches:
Dungeon (3/15)

Altars:
Fedhas

Annotations:
D:2 Sigmund
D:3 Ijyb


Innate Abilities, Weirdness & Mutations

You cannot wear armour.
You are incapable of wielding weapons or throwing items.
Your paws allow you to move quietly. (Stealth)
You have sharp claws.
You have razor-sharp teeth.
You have supernaturally acute eyesight. (SInv)
You are carnivorous and can eat meat at any time.
You cover ground quickly.
You are covered in fur. (AC +1)
You have a slow metabolism.
Your sharp claws are effective at attacking unaware monsters.


Message History

Ijyb shouts!
Ijyb zaps a wand.
You are blasted!
Ouch! That really hurt!
You die...
Xom cackles wildly!
It is a wand of disintegration (14).
You are now level 3!
Xom thinks this is hilarious!
You rejoin the land of the living...
Found 2 needles of sleeping.
A rat comes into view.
It was a potion of flight.
You feel very buoyant.
You fly up into the air.
It was a potion of magic.
Magic courses through your body. The rat closely misses you.
It was a potion of heal wounds.
You feel much better. The rat completely misses you.
It was a potion of curing.
You feel better. The rat bites you.
Are you sure you want to abandon this character and quit the game? (Confirm with "yes".)

. .. ... ....
.....
#..######......
.......@r....(.
...###########.


You could see a rat.

Vanquished Creatures
  2 adders (D:3)
  An ooze (D:1)
  A worm (D:2)
  A dart slug (D:1)
  2 leopard geckos
  4 bats (D:1)
  2 giant cockroaches
  4 goblins (D:1)
  5 hobgoblins
  A quokka (D:2)
  6 frilled lizards
  4 kobolds
  11 rats
44 creatures vanquished.

Notes
Turn   | Place    | Note
-------+----------+-------------------------------------------
     0 | D:1      | inc the Felid Chaos Knight began the quest for the Orb.
     0 | D:1      | Reached XP level 1. HP: 10/10 MP: 2/2
    30 | D:1      | XOM: butterfly on damage
   149 | D:1      | Reached XP level 2. HP: 14/14 MP: 3/3
   369 | D:1      | XOM: potion effect (haste)
   398 | D:1      | Reached skill level 4 in Unarmed Combat
   516 | D:1      | Reached XP level 3. HP: 8/17 MP: 4/4
   691 | D:1      | XOM: silly message
   715 | D:1      | XOM is BORED!
   715 | D:1      | XOM: medium Erth miscast
  1122 | D:2      | XOM: noise
  1259 | D:2      | Noticed Sigmund
  1263 | D:2      | XOM: 3-stop teleportation journey
  1276 | D:2      | Found a blossoming altar of Fedhas.
  1369 | D:2      | XOM: harmless Air miscast
  1573 | D:3      | XOM: noise
  1607 | D:3      | Reached skill level 5 in Unarmed Combat
  1607 | D:3      | Reached XP level 4. HP: 18/21 MP: 5/5
  1661 | D:3      | Noticed Ijyb
  1663 | D:3      | Blown up by Ijyb
  1664 | D:3      | Reached XP level 3. HP: 0/17 MP: 4/4
  1668 | D:3      | Quit the game

Skill      XL: |  1  2  3 |
---------------+----------+-----
Unarmed Combat | 4 5 |  5.0
Fighting       | |  3.0
Dodging        | |  3.2

Action                   |  1- 3 |  4- 6 || total
-------------------------+-------+-------++-------
Melee: Unarmed           |   119 |       ||   119
       Punch             |     3 |       ||     3
       Bite              |     7 |       ||     7
  Use: Potion            |     4 |       ||     4
 Stab: Sleeping          |     4 |       ||     4
  Eat: Chunk             |     4 |     2 ||     6
Armor: Skin              |     3 |       ||     3
Dodge: Dodged            |    75 |       ||    75
